 Dungeon Crawl Stone Soup version 0.28-a0-845-gfc338a8e3c (webtiles) character file.

Game seed: 18097581272523388689

5558 avis the Grappler (level 10, -11/86 HPs)
             Began as an Octopode Transmuter on Nov 12, 2021.
             Mangled by an orc warrior (16 damage)
             ... on level 8 of the Dungeon on Nov 13, 2021.
             The game lasted 00:49:08 (10814 turns).

avis the Grappler (Octopode Transmuter)            Turns: 10814, Time: 00:49:11

Health: -11/86     AC:  6    Str: 13    XL:     10   Next: 71%
Magic:  11/14      EV: 11    Int: 16    God:
Gold:   515        SH:  0    Dex: 12    Spells: 5/15 levels left

rFire   . . .      SeeInvis .     - Unarmed
rCold   + + +      Faith    .   (shield currently unavailable)
rNeg    . . .      Spirit   .   (helmet currently unavailable)
rPois   +          Reflect  .   (no amulet)
rElec   .          Harm     .   i - ring of wizardry
rCorr   .          Rampage  .   k - ring of protection from fire
Will    .....                   (no ring)
Stlth   ++........              (no ring)
HPRegen 0.24/turn               (no ring)
MPRegen 0.14/turn               (no ring)
                                (no ring)
                                (no ring)

@: ice-form, hasted, very quick
A: freezing attack, boosted hp, almost no armour, amphibious, 8 rings, large,
(camouflage 1), (gelatinous body 1), (nimble swimmer 1), (tentacles)
a: End Transformation


You were on level 8 of the Dungeon.
You were a creature of crystalline ice.
You visited 2 branches of the dungeon, and saw 10 of its levels.

You collected 515 gold pieces.

Inventory:

Hand Weapons
 a - a +1 vorpal hand axe
 b - a +0 hunting sling of flaming (melded)
 p - a +0 shortbow
 G - a +3 scimitar of freezing
 H - a +2 halberd
 J - a +3 hand axe
 M - a +1 dagger of venom
 N - a +0 vampiric trident
Missiles
 f - 258 stones
 m - 92 arrows
 r - 5 curare-tipped darts
 w - 6 boomerangs
 y - 35 sling bullets
 A - 2 throwing nets
 C - 36 poisoned darts
 K - 4 bolts
Armour
 O - a +2 hat (melded)
Magical Staves
 s - a staff of earth
Jewellery
 i - a ring of wizardry (left front paw)
 k - a ring of protection from fire (right front paw)
Wands
 n - a wand of mindburst (1)
 u - a wand of flame (27)
 B - a wand of polymorph (5)
Scrolls
 d - a scroll of summoning {unknown}
 j - 2 scrolls of fog {unknown}
 l - a scroll of amnesia {unknown}
 o - a scroll of acquirement {unknown}
 q - 2 scrolls of teleportation {unknown}
 v - a scroll of blinking {unknown}
 x - a scroll of immolation {unknown}
 F - a scroll of enchant weapon {unknown}
 I - a scroll of fear {unknown}
 L - a scroll of identify
Potions
 c - 3 potions of haste
 e - a potion of attraction {unknown}
 g - a potion of might {unknown}
 h - 5 potions of curing
 t - a potion of degeneration {unknown}
 z - a potion of magic {unknown}
 E - a potion of lignification {unknown}


   Skills:
 - Level 8.0 Fighting
 - Level 5.0 Dodging
 - Level 3.0 Stealth
 - Level 11.0 Unarmed Combat
 - Level 3.0 Spellcasting
 * Level 4.6 Transmutations
 - Level 4.0 Ice Magic
 - Level 2.0 Poison Magic


You had 5 spell levels left.
You knew the following spells:

 Your Spells              Type           Power      Damage    Failure   Level
a - Beastly Appendage     Tmut           34%        N/A       1%          1
c - Wereblood             Tmut           17%        N/A       1%          2
p - Spider Form           Tmut/Pois      13%        N/A       6%          3
q - Ice Form              Ice/Tmut       16%        N/A       12%         4

Your spell library contained the following spells:

 Spells                   Type           Power      Damage    Failure   Level


Dungeon Overview and Level Annotations

Branches:
Dungeon (9/15)             Temple (1/1) D:5
   Lair: D:8-11         Orc: D:9-12

Altars:
Ashenzari
Cheibriados
Dithmenos
Elyvilon
Fedhas
Kikubaaqudgha
Makhleb
Nemelex Xobeh
Ru
Trog
Uskayaw
Wu Jian
Xom
Yredelemnul
Zin
The Shining One


Innate Abilities, Weirdness & Mutations

You are a creature of crystalline ice.
You have a powerful freezing melee attack.
Your maximum health is increased.
Your armour is entirely melded.
You are incapable of wielding weapons or throwing items.
You cannot wear most types of armour.
You are amphibious.
You can wear up to eight rings at the same time.
((Your skin changes colour to match your surroundings (Stealth+).))
((Your rubbery body absorbs attacks. (AC +1, EV +1)))
((You are camouflaged near water. (Stealth+)))
((You have tentacles for arms and can constrict up to eight enemies at once.))


Message History

The orc warrior barely misses you.
You feel yourself speed up.
You feel sick.
The killer bee stings you but does no damage.
The killer bee stings you.
* * * LOW HITPOINT WARNING * * *
The killer bee closely misses you. The killer bee stings you.
* * * LOW HITPOINT WARNING * * *
The orc wizard hits you with a +0 dagger.
* * * LOW HITPOINT WARNING * * *
The orc warrior barely misses you.
You barely miss the killer bee.
You feel sick. The killer bee stings you.
* * * LOW HITPOINT WARNING * * *
The killer bee stings you.
* * * LOW HITPOINT WARNING * * *
The killer bee barely misses you.
The orc wizard hits you with a +0 dagger.
* * * LOW HITPOINT WARNING * * *
It was a potion of curing.
You feel better. The killer bee closely misses you. The killer bee misses you.
The orc warrior hits you with a +0 scimitar!
* * * LOW HITPOINT WARNING * * *
The killer bee barely misses you.
You feel better. The killer bee stings you.
* * * LOW HITPOINT WARNING * * *
The killer bee misses you.
The orc wizard hits you with a +0 dagger.
* * * LOW HITPOINT WARNING * * *
You feel better.
The killer bee stings you but does no damage.
The killer bee stings you.
* * * LOW HITPOINT WARNING * * *
The orc warrior closely misses you.
You hit the killer bee. You freeze the killer bee.
The killer bee is moderately wounded.
The killer bee stings you.
* * * LOW HITPOINT WARNING * * *
The killer bee stings you but does no damage.
The orc wizard hits you but does no damage.
The orc warrior hits you with a +0 scimitar!
You die...

.......#.)###..### ###.))##
#... .....##.#...####
###..).## ##..
....##.#####..#####.......###
### #####.##
###..#...........## # ##.##
###..#.....)....### ##.##
##.#............## ##.##
#...............# #.##
##o............... .##
#Yy#.............. ##
#yo##............. #
##.###............. # ###
#..# ##............ #
##.###.## #............ #
##...##.# #............ #
##.......# ##...........
#.......## #...........
##.......# ##..........


You could see an orc warrior, 2 killer bees and an orc wizard.

Vanquished Creatures
  Gastronok (D:8)
  A centaur zombie (D:5)
  A kobold demonologist (D:6)
  An unseen horror (D:8)
  4 yaks (D:7)
  Menkaure (D:4)
  A water moccasin (D:6)
  Duvessa (D:6)
  Edmund (D:4)
  A black bear (D:7)
  An orc warrior (D:8)
  A necrophage (D:6)
  A hornet zombie (D:6)
  2 ice beasts
  2 ogres (D:6)
  A centaur (D:5)
  2 phantoms
  2 gnoll sergeants
  2 scorpions
  Dowan (D:6)
  A water moccasin zombie (D:3)
  2 wyvern skeletons
  6 killer bees
  4 wights (D:7)
  3 electric eels
  A howler monkey (D:6)
  A bullfrog zombie (D:6)
  2 jellies
  An orc priest (D:8)
  2 centaur skeletons (D:7)
  3 hounds
  A bullfrog skeleton (D:6)
  Terence (D:3)
  4 orc wizards
  An iguana (D:5)
  A hound skeleton (D:4)
  7 gnolls (D:8)
  A howler monkey zombie (D:8)
  7 adders
  A white imp (D:7)
  An adder skeleton (D:4)
  A dart slug (D:4)
  A worm (D:2)
  20 orcs
  5 bats
  5 endoplasms
  3 giant cockroaches
  7 goblins
  5 hobgoblins
  12 jackals
  3 kobolds
  2 quokkas
  5 ball pythons
  3 frilled lizards
  4 rats
155 creatures vanquished.

Vanquished Creatures (others)
  A fungus (D:8)
  A plant (D:8)
2 creatures vanquished.

Grand Total: 157 creatures vanquished

Notes
Turn   | Place    | Note
-------+----------+-------------------------------------------
     0 | D:1      | avis the Octopode Transmuter began the quest for the Orb.
     0 | D:1      | Reached XP level 1. HP: 13/13 MP: 3/3
   200 | D:1      | Reached XP level 2. HP: 19/19 MP: 3/5
   242 | D:1      | Reached skill level 1 in Stealth
   413 | D:1      | Found a faded altar of an unknown god.
   488 | D:1      | Reached XP level 3. HP: 18/24 MP: 4/6
   492 | D:1      | Learned a level 3 spell: Spider Form
  1008 | D:2      | Found a snail-covered altar of Cheibriados.
  1071 | D:2      | Reached skill level 4 in Unarmed Combat
  1274 | D:2      | Reached skill level 1 in Poison Magic
  1428 | D:2      | Reached XP level 4. HP: 12/29 MP: 4/7
  2146 | D:3      | Noticed a phantom
  2160 | D:3      | Killed a phantom
  2161 | D:3      | Reached skill level 5 in Unarmed Combat
  2161 | D:3      | Reached XP level 5. HP: 14/35 MP: 5/8
  2434 | D:3      | Noticed Terence
  2441 | D:3      | Killed Terence
  2462 | D:3      | Learned a level 4 spell: Ice Form
  2640 | D:3      | Reached XP level 6. HP: 42/42 MP: 5/9
  2680 | D:3      | Found a hide-covered altar of Uskayaw.
  3389 | D:4      | Reached skill level 6 in Unarmed Combat
  3395 | D:4      | Noticed Menkaure
  3558 | D:4      | Killed Menkaure
  3681 | D:4      | Reached XP level 7. HP: 48/48 MP: 6/10
  4113 | D:4      | Noticed Edmund
  4118 | D:4      | Killed Edmund
  4119 | D:4      | Reached skill level 1 in Ice Magic
  4590 | D:5      | Entered Level 5 of the Dungeon
  4600 | D:5      | Found a staircase to the Ecumenical Temple.
  4610 | Temple   | Entered the Ecumenical Temple
  4878 | D:5      | Reached skill level 7 in Unarmed Combat
  4885 | D:5      | Reached XP level 8. HP: 52/54 MP: 8/11
  5080 | D:5      | Reached skill level 5 in Fighting
  5145 | D:5      | Reached skill level 8 in Unarmed Combat
  5694 | D:6      | Reached skill level 9 in Unarmed Combat
  5921 | D:6      | Reached XP level 9. HP: 61/61 MP: 9/13
  5925 | D:6      | Found a shadowy altar of Dithmenos.
  6572 | D:6      | Noticed a kobold demonologist
  6596 | D:6      | Noticed a rust devil
  6602 | D:6      | Noticed a sixfirhy
  6603 | D:6      | Killed a kobold demonologist
  6929 | D:6      | Noticed Dowan
  7116 | D:6      | Noticed Duvessa
  7125 | D:6      | Killed Duvessa
  7126 | D:6      | Killed Dowan
  7487 | D:7      | Reached skill level 5 in Dodging
  7499 | D:7      | Reached XP level 10. HP: 27/71 MP: 11/14
  7502 | D:7      | Reached skill level 10 in Unarmed Combat
  7731 | D:7      | Learned a level 2 spell: Wereblood
  9113 | D:8      | Found a blossoming altar of Fedhas.
  9116 | D:8      | Noticed Gastronok
  9883 | D:8      | Killed an unseen horror
  9884 | D:8      | Reached skill level 11 in Unarmed Combat
 10407 | D:8      | Killed Gastronok
 10811 | D:8      | HP: 4/86 [orc warrior (8)]
 10814 | D:8      | Mangled by an orc warrior

Illustrated notes

Levels and vault maps discovered:
D:1:      minmay_arrival_up_and_down, layout_basic,
          dreamdust_ecumenical_altar_hidden_monk_grotto, minmay_cupped
D:2:      layout_rooms, basic_altar
D:3:      layout_basic, mainiacjoe_overflow_six_doors_small, uniq_terence
D:4:      layout_basic, uniq_edmund, uniq_menkaure
D:5:      layout_loops_ring, temple_pool_b
D:6:      layout_gridville, old_standard_altar, nicolae_lava_and_water,
          uniq_duvessa
D:7:      layout_cave_pools, grunt_decor_mini_mirrors, kennysheep_generic_room_2
D:8:      layout_cave_pods, fedhas_altar_3, uniq_gastronok
D:9:      layout_basic, grunt_temple_overflow_open, serial_shops,
          nicolae_shop_crystal, kennysheep_generic_room_12
Temple:   cyrus_circular_temple

Skill      XL: |  1  2  3  4  5  6  7  8  9 10 |
---------------+-------------------------------+-----
Fighting       | 2 3 4 5 7 8 |  8.0
Stealth        | 1 3 |  3.0
Unarmed Combat | 4 5 6 7 9 11 | 11.0
Poison Magic   | 1 2 |  2.0
Transmutations | 3 4 |  4.6
Dodging        | 3 5 |  5.0
Ice Magic      | 2 4 |  4.0
Spellcasting   | 3 |  3.0

Action                   |  1- 3 |  4- 6 |  7- 9 | 10-12 || total
-------------------------+-------+-------+-------+-------++-------
Melee: Unarmed           |    67 |    65 |   164 |    85 ||   381
       Constrict         |    22 |     1 |       |       ||    23
       Kick              |    16 |       |       |       ||    16
       Tentacles         |     6 |       |       |       ||     6
       Punch             |     2 |       |       |       ||     2
       Hand axe          |       |       |     1 |       ||     1
       Hunting sling     |       |       |       |     1 ||     1
 Fire: Hunting sling     |       |    21 |    21 |       ||    42
 Cast: Beastly Appendage |    24 |       |     2 |       ||    26
       Spider Form       |     3 |    19 |    15 |       ||    37
       Ice Form          |       |     1 |    21 |    19 ||    41
Evoke: Wand              |       |       |     5 |       ||     5
  Use: Scroll            |       |       |     3 |       ||     3
       Potion            |       |       |     2 |     6 ||     8
 Stab: Sleeping          |     5 |     1 |     2 |       ||     8
Armor: Skin              |     6 |     5 |    26 |    28 ||    65
Dodge: Dodged            |    35 |    45 |   100 |    51 ||   231

Table legend: (Time is in decaauts)
 A = Elapsed time spent in this place.
 B = Non-inter-level travel time spent in this place.
 C = Inter-level travel time spent in this place.
 D = Time resting spent in this place.
 E = Time spent auto-exploring this place.
 F = Levels seen in this place.
 G = Mean time per level.
                   A        B        C        D        E       F      G
               +--------+--------+--------+--------+--------+-----+--------+
         Total |  10784 |   9943 |    841 |   3526 |   4267 |  10 | 1078.4 |
       Dungeon |  10703 |   9870 |    833 |   3526 |   4214 |   9 | 1189.2 |
        Temple |     80 |     72 |      8 |      0 |     53 |   1 |   80.0 |
               +--------+--------+--------+--------+--------+-----+--------+

Top non-repeatable levels by time:
     D:8: 1945 daAuts
     D:7: 1475 daAuts
     D:6: 1403 daAuts
     D:3: 1402 daAuts
     D:4: 1229 daAuts
     D:5: 1141 daAuts
     D:1: 1064 daAuts
     D:2: 1009 daAuts
  Temple: 80 daAuts
     D:9: 32 daAuts
